 Dungeon Crawl Stone Soup version 0.13.1-17-g0f9d4ff (webtiles) character file.

376 Psiweapon the Vexing (level 5, 0/35 HPs)
             Began as a Vampire Enchanter on Dec 17, 2013.
             Was an Initiate of Okawaru.
             Killed from afar by an orc wizard (1 damage)
             ... with a magic dart
             ... on Level 4 of the Dungeon.
             The game lasted 00:15:09 (3707 turns).

Psiweapon the Vexing (Vampire Enchanter)            Turns: 3707, Time: 00:15:10

HP   0/35        AC  7     Str  8      XL: 5   Next: 17%
MP   1/9         EV 12     Int 17      God: Okawaru [......]
Gold 216         SH  0     Dex 14      Spells:  2 memorised,  3 levels left

Res.Fire  : . . .   See Invis. : +   r - +0,+1 dwarf battleaxe
Res.Cold  : + . .   Warding    : .   b - +1 robe
Life Prot.: + + .   Conserve   : .   (no shield)
Res.Poison: +       Res.Corr.  : .   e - +0 helmet (curse)
Res.Elec. : .       Clarity    : .   p - +0 cloak
Sust.Abil.: . .     Spirit.Shd : .   y - +1 pair of dwarf gloves (curse)
Res.Mut.  : .       Stasis     : .   (no boots)
Res.Rott. : +       Flight     : .   (no amulet)
Saprovore : . . .                    (no ring)
                                     (no ring)

@: regenerating slowly, invisible, very slightly contaminated, slightly
resistant to hostile enchantments, quite stealthy
A: fangs 3, see invisible, unbreathing
a: Bat Form, Renounce Religion


You were on level 4 of the Dungeon.
You worshipped Okawaru.
Okawaru was noncommittal.
You were thirsty.

You visited 1 branch of the dungeon, and saw 4 of its levels.

You collected 196 gold pieces.

Inventory:

Hand weapons
 a - a +1,+1 dagger {=f}
 i - a +0,+0 dagger
 r - a +0,+1 dwarven battleaxe (weapon)
 u - a +2,+1 orcish hand axe of freezing
 v - a +0,+1 dwarven falchion
 w - a +0,+0 elven spear
Missiles
 d - 4 darts (quivered)
Armour
 b - a +1 robe (worn)
 e - a cursed +0 helmet (worn)
 k - a +0 leather armour
 p - a +0 cloak (worn)
 y - a cursed +1 pair of dwarven gloves (worn)
Scrolls
 h - 2 scrolls of enchant armour {unknown}
 l - a scroll of remove curse {unknown}
 m - 4 scrolls of identify {unknown}
 x - a scroll of random uselessness {unknown}
 z - a scroll of enchant weapon II {unknown}
Jewellery
 t - an uncursed ring of protection from fire {unknown}
Potions
 f - a potion of restore abilities
 g - 3 potions of curing
 j - a potion of might {unknown}
 n - a potion of brilliance {unknown}
 o - a potion of speed {unknown}
 q - a potion of slowing {unknown}
 s - 2 potions of invisibility
Books
 c - a book of Maledictions

   Spells                             Type                      Level
   *Corona                            Hexes                        1
   Sure Blade                         Hexes/Charms                 2
   *Ensorcelled Hibernation           Hexes/Ice                    2
   Confuse                            Hexes                        3
   Enslavement                        Hexes                        4
   Invisibility                       Hexes                        6


   Skills:
 + Level 1.5 Fighting
 + Level 2.5 Short Blades
 - Level 2.0 Throwing
 - Level 2.1 Dodging
 + Level 4.7 Stealth
 - Level 1.0 Spellcasting
 + Level 5.3 Hexes


You had 3 spell levels left.
You knew the following spells:

 Your Spells              Type           Power        Failure   Level  Hunger
a - Corona                Hex            ###....      2%          1    ##.....
b - Ensorcelled Hibernat  Hex/Ice        #.....       14%         2    ###....


Dungeon Overview and Level Annotations

Branches:
Dungeon (4/27)
 Temple: D:4-7

Altars:
Okawaru
Zin

Portals:
Ziggurat: D:3 (4170 gp)

Annotations:
D:4 Prince Ribbit


Innate Abilities, Weirdness & Mutations

You heal slowly.
You have razor-sharp teeth.*
You have supernaturally acute eyesight.
You can survive without breathing.*


Message History

The orc wizard misses you.
The orc wizard hits you but does no damage.
Drink which item? (? for menu, Esc to quit)
You feel better.
It was a potion of curing.
The orc wizard casts a spell at you. The magic dart hits you!
* * * LOW HITPOINT WARNING * * *
The orc wizard hits you but does no damage.
Drink which item? (? for menu, Esc to quit)
You fade into invisibility!
It was a potion of invisibility.
The orc wizard barely misses you. The orc wizard barely misses you.
You are very lightly contaminated with residual magic.
Drink which item? (? for menu, Esc to quit)
You feel refreshed.
It was a potion of restore abilities.
The orc wizard casts a spell at you. The magic dart hits you!
The orc wizard casts a spell at you. The magic dart hits you!
You die...

..# #.. #.# #.# #.#
. #.# #. #.#
#.#####.#
##r.##.....#@#
...........oo#
.##..###.###[###.#
..............).o.#
.#.##..####....#####
.#...........#.#
.....<.>.....#.#
##.###...#####.#
.....#.........#


You could see 2 orc wizards.

Vanquished Creatures
  An orc priest (D:4)
  A giant frog skeleton (D:4)
  An adder (D:2)
  A giant mite (D:4)
  2 giant geckos (D:3)
  An ooze (D:2)
  10 orcs
  10 bats
  2 giant cockroaches (D:3)
  8 hobgoblins
  5 jackals
  5 kobolds
  A quokka (D:4)
  4 training dummies (D:3)
  2 giant newts
  5 goblins
  8 rats
67 creatures vanquished.

Notes
Turn   | Place    | Note
--------------------------------------------------------------
     0 | D:1      | Psiweapon, the Vampire Enchanter, began the quest for the Orb.
     0 | D:1      | Reached XP level 1. HP: 13/13 MP: 4/4
    36 | D:1      | Reached skill level 1 in Throwing
   167 | D:1      | Reached XP level 2. HP: 19/19 MP: 5/5
   171 | D:1      | Learned a level 2 spell: Ensorcelled Hibernation
  1379 | D:2      | Reached XP level 3. HP: 21/24 MP: 6/6
  1924 | D:3      | Found a gateway to a ziggurat.
  2151 | D:3      | Found an iron altar of Okawaru.
  2240 | D:3      | Became a worshipper of Warmaster Okawaru
  2264 | D:3      | Found a glowing silver altar of Zin.
  2607 | D:3      | Reached XP level 4. HP: 27/30 MP: 5/8
  3195 | D:4      | Reached skill level 1 in Fighting
  3224 | D:4      | Reached skill level 5 in Hexes
  3443 | D:4      | Noticed Prince Ribbit
  3693 | D:4      | Reached XP level 5. HP: 30/35 MP: 4/9
  3705 | D:4      | HP: 1/35 [orc wizard/magic dart (4)]
  3707 | D:4      | Killed from afar by an orc wizard

Action                   |  1- 3 |  4- 6 || total
-------------------------+-------+-------++-------
Melee: Dagger            |   150 |    42 ||   192
       Battleaxe         |       |    10 ||    10
Throw: Dart              |    10 |       ||    10
 Cast: Corona            |     5 |       ||     5
       Ensorcelled Hiber |    28 |    16 ||    44
  Use: Potion            |       |     3 ||     3
 Stab: Sleeping          |    25 |    16 ||    41
